 Dungeon Crawl Stone Soup version 0.31-a0-851-g7ff8af7976 (webtiles) character file.

Game seed: 13046720415195139777

568 BinkBink the Trooper (level 7, -10/45 HPs)
             Began as a Gargoyle Monk on Oct 6, 2023.
             Mangled by an ogre
             ... wielding a +0 giant spiked club
              (15 damage)
             ... on level 5 of the Dungeon.
             The game lasted 00:03:30 (3056 turns).

BinkBink the Trooper (Gargoyle Monk)                Turns: 3056, Time: 00:03:31

Health: -10/45     AC: 14    Str: 17    XL:     7   Next: 33%
Magic:  7/7        EV: 11    Int: 10    God:
Gold:   209        SH:  0    Dex: 12    Spells: 6/6 levels left

rFire   . . .        a - +0 mace
rCold   . . .        d - orb {light}
rNeg    + . .        s - +0 ring mail
rPois   ∞            (no helmet)
rElec   +            (no cloak)
rCorr   .            (no gloves)
SInv    .            (no boots)
Will    .....        (no amulet)
Stlth   +            f - +4 ring of protection
HPRegen 0.27/turn    i - ring of flight
MPRegen 0.10/turn

%: no passive effects
@: flying, glowing
A: sickness immunity, AC +4, negative energy resistance 1, electricity
resistance, torment resistance 1, petrification resistance
a: no special abilities


You were on level 5 of the Dungeon.
You visited 1 branch of the dungeon, and saw 5 of its levels.

You collected 209 gold pieces.

Inventory:

Hand Weapons
 a - a +0 mace (weapon)
Armour
 d - an orb of light (worn)
 s - a +0 ring mail (worn)
Jewellery
 f - a +4 ring of protection (left hand)
 i - a ring of flight (right hand)
Scrolls
 g - 3 scrolls of enchant weapon {unknown}
 h - 3 scrolls of amnesia {unknown}
 k - 4 scrolls of identify {unknown}
 l - a scroll of poison {unknown}
 m - 2 scrolls of silence {unknown}
 n - a scroll of fog {unknown}
 o - a scroll of noise {unknown}
 p - a scroll of fear {unknown}
 q - a scroll of enchant armour {unknown}
 r - a scroll of revelation {unknown}
Potions
 c - 2 potions of ambrosia
 e - a potion of heal wounds {unknown}
 j - 3 potions of curing {unknown}


   Skills:
 + Level 5.8 Fighting
 + Level 5.2 Maces & Flails
 + Level 4.5 Armour
 - Level 2.4 Dodging


You had 6 spell levels left.
You didn't know any spells.
Your spell library contained the following spells:

 Spells                   Type           Power      Damage    Failure   Level
 Ensorcelled Hibernation  Hex/Ice        0%         N/A       69%         2
 Passwall                 Tmut/Erth      0%         N/A       69%         2
 Swiftness                Air            0%         N/A       89%         3


Dungeon Overview and Level Annotations

Branches:
Dungeon (5/15)
 Temple: D:4-7

Altars:
Cheibriados
Elyvilon


Innate Abilities, Weirdness & Mutations

You are immune to sickness and miasma.
Your stone body is resilient. (AC +4)
You are immune to poison.
You resist negative energy. (rN+)
You are resistant to electric shocks. (rElec)
You are resistant to unholy torment.
You are immune to petrification.


Message History

The hound misses you.
You hit the hound.
The hound is heavily wounded.
The hound bites you but does no damage. The hound closely misses you.
You barely miss the hound.
The hound is heavily wounded.
The hound misses you.
You hit the hound but do no damage.
The hound is heavily wounded.
The hound bites you but does no damage. x2
You hit the hound.
The hound is severely wounded.
The hound bites you but does no damage. The hound misses you.
You hit the hound.
You kill the hound!
You hit the gnoll.
The gnoll is moderately wounded.
The gnoll barely misses you.
You hit the gnoll.
The gnoll is heavily wounded.
The gnoll hits you but does no damage.
You sock the gnoll!
You kill the gnoll!
The ogre barely misses you.
You sock the ogre!
The ogre is moderately wounded.
You hit the ogre but do no damage.
The ogre is moderately wounded.
The ogre hits you with a +0 giant spiked club!!
Ouch! That really hurt!
* * * LOW HITPOINT WARNING * * *
You are too injured to fight recklessly!
You are too injured to fight recklessly!
You hit the ogre.
The ogre is moderately wounded.
The ogre barely misses you.
You thump the ogre!
The ogre is severely wounded.
The ogre hits you with a +0 giant spiked club!
You die...

#.#.##.#
##.#.##.#
#.<<.##)#
#...####.#
#...###.###.#
#.. #....####
. #.###...#
## ##.###.#
..###.##@##
.......O##
..#.##..#
#...# ......
#......
.........
#:........
...........


You could see an ogre.

Vanquished Creatures
  An ogre (D:4)
  A phantom (D:4)
  2 hounds
  A jelly (D:3)
  A sleepcap (D:4)
  Jessica (D:3)
  Natasha (twice) (D:2)
  An iguana (D:3)
  6 gnolls
  5 adders
  2 worms
  4 dart slugs
  7 ball pythons
  7 bats
  6 endoplasms
  5 giant cockroaches
  4 goblins
  12 hobgoblins
  5 kobolds
  5 quokkas
  6 frilled lizards
  3 rats
87 creatures vanquished.

Notes
Turn   | Place    | Note
-------+----------+-------------------------------------------
     0 | D:1      | BinkBink the Gargoyle Monk began the quest for the Orb.
     0 | D:1      | Reached XP level 1. HP: 14/14 MP: 1/1
   282 | D:1      | Reached XP level 2. HP: 19/19 MP: 2/2
   288 | D:1      | Reached skill level 1 in Armour
   817 | D:1      | Reached XP level 3. HP: 23/24 MP: 3/3
   828 | D:1      | You fall into a shaft and drop 1 floor!
  1215 | D:2      | Noticed Natasha
  1227 | D:2      | Killed Natasha
  1228 | D:2      | Reached XP level 4. HP: 18/29 MP: 4/4
  1269 | D:2      | Noticed Natasha
  1646 | D:2      | Killed Natasha
  1647 | D:2      | Reached XP level 5. HP: 14/34 MP: 5/5
  1969 | D:3      | Noticed Jessica
  1975 | D:3      | Killed Jessica
  2185 | D:3      | Reached XP level 6. HP: 40/40 MP: 6/6
  2221 | D:3      | Reached skill level 5 in Fighting
  2553 | D:4      | Found a snail-covered altar of Cheibriados.
  2598 | D:4      | Found a white marble altar of Elyvilon.
  2713 | D:4      | Reached skill level 5 in Maces & Flails
  2713 | D:4      | Reached XP level 7. HP: 40/44 MP: 7/7
  3008 | D:5      | Entered Level 5 of the Dungeon
  3056 | D:5      | Mangled by an ogre

Illustrated notes

Levels and vault maps discovered:
D:1:      matt_arrival_spirals, layout_basic, grunt_decor_arrowhead
D:2:      layout_rooms, uniq_natasha
D:3:      layout_rooms, minmay_misc_feat_encased, uniq_jessica
D:4:      layout_cave_pools, mainiacjoe_overflow_catwalk, kennysheep_slug_shrine
D:5:      layout_loops_cross, nicolae_figureground_sparkle

Skill      XL: |  1  2  3  4  5  6 |
---------------+-------------------+-----
Armour         | 1 2 3 4 |  4.5
Fighting       | 4 5 |  5.8
Maces & Flails | 4 5 |  5.2
Dodging        | |  2.4

Action                     |  1- 3 |  4- 6 |  7- 9 || total
---------------------------+-------+-------+-------++-------
  Melee: Mace              |    70 |   165 |    61 ||   296
 Armour: Robe              |    53 |    62 |       ||   115
         Ring mail         |       |    12 |    36 ||    48
  Dodge: Dodged            |    59 |   109 |    35 ||   203

Table legend: (Time is in decaauts)
 A = Elapsed time spent in this place.
 B = Non-inter-level travel time spent in this place.
 C = Inter-level travel time spent in this place.
 D = Time resting spent in this place.
 E = Time spent auto-exploring this place.
 F = Levels seen in this place.
 G = Mean time per level.
                   A        B        C        D        E       F      G
               +--------+--------+--------+--------+--------+-----+--------+
         Total |   3121 |   3012 |    109 |    109 |   2297 |   5 |  624.2 |
       Dungeon |   3121 |   3012 |    109 |    109 |   2297 |   5 |  624.2 |
               +--------+--------+--------+--------+--------+-----+--------+

Top non-repeatable levels by time:
     D:1: 1186 daAuts
     D:4: 694 daAuts
     D:2: 668 daAuts
     D:3: 520 daAuts
     D:5: 51 daAuts
